[Event "Titled Tuesday Blitz August 08 Late 2023"]
[White "ChessSG1"]
[Black "Yi, Richard"]
[BlackFideId "2079518"]
[WhiteElo "2464"]
[BlackElo "2705"]
[Result "0-1"]
[Round "3"]
[TimeControl "180+1"]
[Date "2023.08.08"]
[WhiteClock "0:00:00"]
[BlackClock "0:00:08"]
[Board "80"]

1. c4 c5 2. g3 g6 3. Bg2 Bg7 4. Nc3 Nc6 5. a3 a5 6. d3 e6 7. e4 Nge7 8. Nge2 O-O 9. Be3 Nd4 10. Bxd4 cxd4 11. Nb5 e5 12. Nd6 Qb6 13. Nxc8 Raxc8 14. Qd2 Nc6 15. O-O a4 16. Rab1 Na5 17. Qb4 Qxb4 18. axb4 Nb3 19. Nc1 Nd2 20. Ra1 Nxf1 21. Bxf1 Ra8 22. Be2 Rfc8 23. Bd1 b5 24. cxb5 Bf8 25. Ne2 Rcb8 26. Rxa4 Rxa4 27. Bxa4 Bxb4 28. f4 d6 29. Kg2 Kg7 30. Ng1 f5 31. exf5 gxf5 32. Nf3 Kf6 33. Kf2 Bc5 34. Ke2 h6 35. Nd2 h5 36. Nc4 h4 37. b3 hxg3 38. hxg3 Rh8 39. Na5 Rh2+ 40. Kf3 Rd2 41. fxe5+ dxe5 42. Nc6 Rxd3+ 43. Ke2 e4 0-1


[Site "https://www.chess.com"]

[Event "Titled Tuesday Blitz August 08 Late 2023"]
[White "Cheer_Down"]
[Black "Hoang, Thi Bao Tram"]
[BlackFideId "12401102"]
[WhiteElo "2463"]
[BlackElo "2696"]
[Result "1-0"]
[Round "3"]
[TimeControl "180+1"]
[Date "2023.08.08"]
[WhiteClock "0:00:38"]
[BlackClock "0:00:17"]
[Board "81"]

1. e4 c6 2. d4 d5 3. e5 g6 4. Bd3 Bg7 5. Ne2 f6 6. f4 c5 7. c3 Nc6 8. a3 cxd4 9. cxd4 Nh6 10. O-O Qb6 11. Nbc3 Be6 12. Kh1 O-O 13. Na4 Qc7 14. Nc5 Bc8 15. Be3 Ng4 16. Bg1 b6 17. Na4 fxe5 18. fxe5 Be6 19. Rc1 Rxf1 20. Qxf1 Rf8 21. Qe1 Qb7 22. h3 Nh6 23. Nac3 Na5 24. Bh2 Kh8 25. Nf4 Bg8 26. b4 Nb3 27. Rd1 Nf5 28. Bxf5 Rxf5 29. Qh4 g5 30. Ng6# 1-0


[Site "https://www.chess.com"]

[Event "Titled Tuesday Blitz August 08 Late 2023"]
[White "KarolKacprzak"]
[Black "Vovk, Orest"]
[BlackFideId "14113490"]
[WhiteElo "2688"]
[BlackElo "2461"]
[Result "1-0"]
[Round "3"]
[TimeControl "180+1"]
[Date "2023.08.08"]
[WhiteClock "0:00:09"]
[BlackClock "0:00:00"]
[Board "82"]

1. d4 h6 2. e4 g5 3. Nc3 Bg7 4. Be3 c5 5. dxc5 Bxc3+ 6. bxc3 Nc6 7. Qd2 Qa5 8. Bd3 Nf6 9. f3 b6 10. cxb6 axb6 11. Ne2 Ne5 12. O-O Ba6 13. Rfb1 b5 14. Bd4 d6 15. Qe3 Nfd7 16. Ng3 e6 17. f4 gxf4 18. Qxf4 Nxd3 19. cxd3 e5 20. Qh4 exd4 21. Nf5 Qd8 22. Nxd6+ Kf8 23. Qh5 Rh7 24. Rf1 Qe7 25. Qd5 Rd8 26. Nf5 Qc5 27. Qxd4 Qxd4+ 28. cxd4 b4 29. Rfd1 Nb8 30. Rab1 Nc6 31. d5 Ne5 32. d4 Nd3 33. Rb3 Nf4 34. Rxb4 Bd3 35. Ng3 Ne2+ 36. Nxe2 Bxe2 37. Rd2 Bg4 38. Kf2 f6 39. Rb6 Rf7 40. Ke3 Kg7 41. Rf2 Ra8 42. Kf4 Bh5 43. Rfb2 Ra4 44. R6b4 Ra3 45. R4b3 Raa7 46. Rb4 Bg6 47. Rb6 Rae7 48. Re6 Rc7 49. Rc6 Ra7 50. Re6 Ra4 51. Rbb6 Rxd4 52. g4 Rd1 53. h4 Rf1+ 54. Kg3 Rg1+ 55. Kf3 Rf1+ 56. Kg3 Rg1+ 57. Kh3 h5 58. gxh5 Bxh5 59. d6 Bg4+ 60. Kh2 Bxe6 61. Kxg1 Rd7 62. Kf2 Bf7 63. a4 Ra7 64. Rb4 Be6 65. Ke3 Kf7 66. Kd4 Ra5 67. Rb7+ Kg6 68. Re7 Rxa4+ 69. Kc5 Bg4 70. e5 fxe5 71. Rxe5 Ra5+ 72. Kd4 Ra4+ 73. Kc5 Ra1 74. Kb6 Rb1+ 75. Kc7 Bf5 76. Kd8 Rd1 77. Ke7 Bh3 78. Rg5+ Kh6 79. Rg3 Bf1 80. Re3 Bb5 81. Re5 Ba4 82. Rc5 Re1+ 83. Kd8 Rd1 84. Kc7 Be8 85. Rc4 Bg6 86. d7 Bf5 87. d8=Q Rxd8 88. Kxd8 Kh5 89. Rb4 Bg4 90. Ke7 Kxh4 91. Kf6 Kg3 92. Kg5 Bf3 93. Rb3 Kf2 94. Kf4 Bd1 95. Rb1 Ke1 96. Ke3 1-0


[Site "https://www.chess.com"]

[Event "Titled Tuesday Blitz August 08 Late 2023"]
[White "Sathish, Pranav"]
[Black "Piesik, Piotr"]
[WhiteFideId "30967538"]
[BlackFideId "1136194"]
[WhiteElo "2460"]
[BlackElo "2655"]
[Result "1-0"]
[Round "3"]
[TimeControl "180+1"]
[Date "2023.08.08"]
[WhiteClock "0:00:05"]
[BlackClock "0:00:17"]
[Board "83"]

1. Nf3 g6 2. e4 Bg7 3. d4 c6 4. Bd3 d5 5. e5 c5 6. c3 Nc6 7. Nbd2 cxd4 8. cxd4 Bg4 9. h3 Bxf3 10. Nxf3 e6 11. O-O Qb6 12. Be3 Nge7 13. a3 a5 14. Rb1 Nf5 15. Qe2 Nxe3 16. fxe3 O-O 17. Kh2 a4 18. Rf2 f6 19. exf6 Bxf6 20. Rbf1 Be7 21. Qc2 Kg7 22. Qe2 Bd6+ 23. g3 Rf6 24. Ng5 Raf8 25. Rxf6 Rxf6 26. Rxf6 Kxf6 27. Nxh7+ Ke7 28. Bxg6 e5 29. Qf2 Kd8 30. Ng5 Kc7 31. Bf7 exd4 32. Ne6+ Kb8 33. Nxd4 Ne5 34. Bxd5 Nd3 35. Qc2 Nxb2 36. h4 Bxa3 37. h5 Qh6 38. Qg6 Qxe3 39. Qg8+ Ka7 40. Nb5+ Kb6 41. Nxa3 Qe2+ 42. Bg2 Qxh5+ 43. Kg1 Qc5+ 44. Kh2 Qxa3 45. Qd8+ Ka6 46. Qa8+ Kb5 47. Qxb7+ Kc4 48. Qe4+ Kc3 49. g4 Nd3 50. Qc6+ Kd2 51. g5 Qc3 52. Qxc3+ Kxc3 53. g6 a3 54. g7 a2 55. g8=Q Nb4 56. Qh8+ Kc2 57. Be4+ Kb3 58. Qa1 Ka3 59. Kg2 Kb3 60. Kf2 Na6 61. Ke2 Nc5 62. Bd5+ Ka3 63. Qxa2+ Kb4 64. Qc4+ Ka3 65. Qxc5+ Kb2 66. Bc4 Kc3 67. Bd3+ 1-0


[Site "https://www.chess.com"]

[Event "Titled Tuesday Blitz August 08 Late 2023"]
[White "Hristodoulou, Panagiotis"]
[Black "Goltsev, Dmitry"]
[WhiteFideId "4214340"]
[BlackFideId "24176710"]
[WhiteElo "2460"]
[BlackElo "2637"]
[Result "1/2-1/2"]
[Round "3"]
[TimeControl "180+1"]
[Date "2023.08.08"]
[WhiteClock "0:00:07"]
[BlackClock "0:00:06"]
[Board "84"]

1. d4 e6 2. Nf3 Nf6 3. Bg5 h6 4. Bh4 b6 5. e3 Bb7 6. Nbd2 d5 7. Bd3 Bd6 8. O-O Nbd7 9. c3 O-O 10. Qe2 c5 11. Ba6 Bxa6 12. Qxa6 Qc8 13. Qe2 e5 14. dxe5 Nxe5 15. Nxe5 Bxe5 16. Nf3 Qg4 17. Rad1 Rad8 18. h3 Qe6 19. Nxe5 Qxe5 20. Bxf6 Qxf6 21. Rd2 d4 22. cxd4 cxd4 23. Rfd1 dxe3 24. Qxe3 Rxd2 25. Qxd2 Re8 26. b3 Kh7 27. Kf1 Re7 28. Qd3+ g6 29. Qd6 Qg5 30. g3 Re6 31. Qd5 Qf6 32. h4 Qb2 33. Qd2 Qe5 34. Re1 Qb5+ 35. Kg2 Qc6+ 36. Kg1 Rxe1+ 37. Qxe1 Qd5 38. Qe7 a5 39. Qf6 Qb7 40. a4 Qc7 41. Kg2 Kg8 42. h5 gxh5 43. Qxh6 Qc5 44. Kh2 Qxf2+ 45. Kh3 Qf5+ 46. Kh2 Qc5 47. Qf6 Qc2+ 48. Kh3 Qc5 49. Kh4 Qd5 50. Qg5+ Qxg5+ 51. Kxg5 Kg7 52. Kxh5 Kf6 53. g4 Ke5 54. Kg5 Ke6 55. Kf4 Kf6 56. g5+ Ke6 57. Ke4 Kd6 58. Kd4 Ke7 59. Ke5 Kf8 60. Kf6 Ke8 61. Kf5 Kf8 62. Kf6 Ke8 63. Kf5 Ke7 64. Ke5 Kd7 65. Kf6 Ke8 1/2-1/2


[Site "https://www.chess.com"]

[Event "Titled Tuesday Blitz August 08 Late 2023"]
[White "Tsvetkov, Andrey"]
[Black "whiteglovethief"]
[WhiteFideId "34139360"]
[WhiteElo "2632"]
[BlackElo "2450"]
[Result "1-0"]
[Round "3"]
[TimeControl "180+1"]
[Date "2023.08.08"]
[WhiteClock "0:00:51"]
[BlackClock "0:00:31"]
[Board "85"]

1. d4 d5 2. c4 e6 3. Nc3 h6 4. Nf3 Nf6 5. g3 Bd6 6. Bg2 O-O 7. O-O Nc6 8. b3 dxc4 9. bxc4 e5 10. e3 Re8 11. Bb2 Bg4 12. h3 exd4 13. exd4 Bh5 14. g4 Bg6 15. Re1 Rxe1+ 16. Qxe1 Nb4 17. Rd1 Nd3 18. Qd2 Bf4 19. Qe2 Qf8 20. Rxd3 Bxd3 21. Qxd3 Qb4 22. Ba1 Re8 23. Ne2 Bd6 24. c5 Bf8 25. Nf4 g5 26. Nh5 Nd5 27. Ne5 Nf4 28. Nf6+ Kg7 29. Qh7+ Kxf6 30. Qxf7# 1-0


[Site "https://www.chess.com"]

[Event "Titled Tuesday Blitz August 08 Late 2023"]
[White "szachmistrz2500"]
[Black "Rosen, Eric"]
[BlackFideId "2032562"]
[WhiteElo "2443"]
[BlackElo "2625"]
[Result "1-0"]
[Round "3"]
[TimeControl "180+1"]
[Date "2023.08.08"]
[WhiteClock "0:00:53"]
[BlackClock "0:00:01"]
[Board "86"]

1. Nf3 d5 2. g3 Nf6 3. Bg2 Bf5 4. O-O e6 5. d3 Nc6 6. Nbd2 Bc5 7. c3 a5 8. Nh4 Bg4 9. h3 Bh5 10. g4 Nd7 11. Ndf3 Bg6 12. Be3 Bxe3 13. fxe3 O-O 14. Nxg6 hxg6 15. d4 Nf6 16. Nd2 e5 17. Qe1 Re8 18. Qf2 Qe7 19. g5 Ne4 20. Nxe4 dxe4 21. h4 exd4 22. exd4 Rad8 23. Qf4 Rd7 24. e3 Qd6 25. Bxe4 Qxf4 26. Rxf4 Rde7 27. Bxc6 bxc6 28. Raf1 Rxe3 29. Rxf7 Rg3+ 30. Kh2 Rg4 31. Rxc7 Re2+ 32. Kh3 Reg2 33. Rf3 Rg1 34. Rxc6 Re4 35. Rc8+ Kh7 36. Rff8 Rh1+ 37. Kg2 Rg4+ 38. Kxh1 Rxh4+ 39. Kg2 Rg4+ 40. Kh3 Rg3+ 41. Kxg3 a4 42. Rh8# 1-0


[Site "https://www.chess.com"]

[Event "Titled Tuesday Blitz August 08 Late 2023"]
[White "Erzhanov, Arman"]
[Black "Kielinkei"]
[WhiteFideId "4138821"]
[WhiteElo "2624"]
[BlackElo "2440"]
[Result "0-1"]
[Round "3"]
[TimeControl "180+1"]
[Date "2023.08.08"]
[WhiteClock "0:00:33"]
[BlackClock "0:00:12"]
[Board "87"]

1. e4 d6 2. d4 Nf6 3. Nc3 Nbd7 4. h3 e5 5. Nge2 Be7 6. g4 h6 7. Bg2 c6 8. a4 Qc7 9. O-O O-O 10. Be3 Re8 11. Ng3 Nf8 12. f4 exf4 13. Bxf4 Ng6 14. Be3 c5 15. d5 Ne5 16. b3 Qd8 17. Qd2 a6 18. Kh1 Rb8 19. a5 b5 20. axb6 Rxb6 21. Rg1 Nh7 22. Nce2 Bg5 23. Nf4 Nf6 24. Nf5 Rb4 25. Ng3 Nexg4 26. Rae1 Nxe3 27. Qxe3 Nxd5 28. Nxd5 Bxe3 29. Rxe3 Rb8 30. Bf3 Be6 31. Nf4 Qh4 32. Nge2 Bxh3 33. Rg3 Bg4+ 34. Kg1 Bxf3 35. Rgxf3 Re5 36. Rg3 Rg5 37. Rxg5 hxg5 38. Nd5 Qe1+ 39. Kg2 Qd2 40. Kf2 Qxc2 41. Ne7+ Kf8 42. Nf5 Rxb3 43. Rxb3 Qxb3 44. Nxd6 g4 45. Nf5 Qf3+ 46. Ke1 Qxe4 47. Ng3 Qb1+ 48. Kf2 a5 49. Ke3 Qb3+ 50. Kd2 a4 51. Ne4 Qb4+ 52. N4c3 a3 53. Kd3 Qb2 54. Nf4 a2 55. Nxa2 Qxa2 56. Nd5 Qxd5+ 57. Ke3 Qd4+ 58. Ke2 c4 59. Ke1 Qb2 60. Kd1 c3 61. Ke1 Qd2+ 62. Kf1 c2 63. Kg1 c1=R# 0-1


[Site "https://www.chess.com"]

[Event "Titled Tuesday Blitz August 08 Late 2023"]
[White "Ozates, Tuna"]
[Black "Kubatko, Ivan"]
[WhiteFideId "6354521"]
[BlackFideId "24111473"]
[WhiteElo "2618"]
[BlackElo "2440"]
[Result "0-1"]
[Round "3"]
[TimeControl "180+1"]
[Date "2023.08.08"]
[WhiteClock "0:00:39"]
[BlackClock "0:00:49"]
[Board "88"]

1. d4 d5 2. c4 e6 3. Nc3 c5 4. cxd5 cxd4 5. Qxd4 Nc6 6. Qd1 exd5 7. Qc2 d4 8. Ne4 Bf5 9. a3 Qd5 10. f3 Rc8 11. Bf4 Nb4 12. Qxc8+ Bxc8 13. axb4 Bxb4+ 14. Kf2 f5 15. Ng3 Bc5 16. Nh3 h6 17. Bd2 g5 18. Ra5 b6 19. Rxa7 Nf6 20. b4 Bd6 21. e4 dxe3+ 22. Bxe3 f4 23. Bxf4 gxf4 24. Ne4 Nxe4+ 25. fxe4 Qd4+ 26. Ke1 Bxb4+ 27. Ke2 Qe3+ 0-1


[Site "https://www.chess.com"]

[Event "Titled Tuesday Blitz August 08 Late 2023"]
[White "Pantev, Veselin"]
[Black "Swicarz, Maciej"]
[WhiteFideId "2901390"]
[BlackFideId "1113585"]
[WhiteElo "2617"]
[BlackElo "2437"]
[Result "1/2-1/2"]
[Round "3"]
[TimeControl "180+1"]
[Date "2023.08.08"]
[WhiteClock "0:00:53"]
[BlackClock "0:00:06"]
[Board "89"]

1. d4 Nf6 2. Nf3 e6 3. Bf4 c5 4. e3 Nc6 5. c3 Qb6 6. Qb3 Qxb3 7. axb3 a6 8. h3 cxd4 9. exd4 Be7 10. Nbd2 O-O 11. Bd3 Ne8 12. b4 Ra7 13. Nb3 d6 14. Be3 d5 15. Nc5 f6 16. Bf4 Nd6 17. Kd2 e5 18. dxe5 fxe5 19. Bxe5 Rxf3 20. Bxd6 Rxd3+ 21. Nxd3 Bxd6 22. f4 Bf5 23. Rhf1 d4 24. b5 axb5 25. Rxa7 dxc3+ 26. bxc3 Nxa7 27. g4 Bd7 28. Rb1 h5 29. f5 hxg4 30. hxg4 g6 31. fxg6 Bxg4 32. Ke3 Bf5 33. Ra1 Bb8 34. Nc5 Bc8 35. Ke4 Kg7 36. Kd5 Kxg6 37. Ne4 Kf7 38. Nd6+ Bxd6 39. Kxd6 Nc6 40. Kc7 Be6 41. Kxb7 Ne5 42. Kb6 Bc4 43. Kc5 Ke6 44. Re1 Kf5 45. Rb1 Nd3+ 46. Kb6 Ke4 47. Rxb5 Bxb5 48. Kxb5 Ne5 49. c4 Nxc4 1/2-1/2


[Site "https://www.chess.com"]

[Event "Titled Tuesday Blitz August 08 Late 2023"]
[White "chessmateto"]
[Black "Tologon tegin, Semetei"]
[BlackFideId "13800574"]
[WhiteElo "2434"]
[BlackElo "2615"]
[Result "0-1"]
[Round "3"]
[TimeControl "180+1"]
[Date "2023.08.08"]
[WhiteClock "0:00:00"]
[BlackClock "0:01:26"]
[Board "90"]

1. c4 e5 2. Nc3 Nf6 3. g3 Bc5 4. Bg2 O-O 5. Nf3 Re8 6. O-O h6 7. d3 c6 8. a3 a5 9. Rb1 d5 10. b4 axb4 11. axb4 Bf8 12. b5 d4 13. Na4 cxb5 14. Rxb5 Bd7 15. Nb6 Bxb5 16. Nxa8 Bc6 17. c5 Bxc5 18. Qc2 Nbd7 19. e3 dxe3 20. fxe3 Qxa8 21. d4 exd4 22. exd4 Bxf3 23. dxc5 Bxg2 24. Qxg2 Qa7 25. g4 Qxc5+ 26. Kh1 Ne4 27. g5 hxg5 28. Qf3 Ndf6 29. Bb2 b5 30. Bxf6 Nxf6 31. Qh3 g4 32. Qg3 b4 33. h3 gxh3 34. Rxf6 Qc1+ 0-1


[Site "https://www.chess.com"]

[Event "Titled Tuesday Blitz August 08 Late 2023"]
[White "Goldin, Alexander"]
[Black "Nilsen, Tobias Lang"]
[WhiteFideId "2019540"]
[BlackFideId "1521624"]
[WhiteElo "2614"]
[BlackElo "2431"]
[Result "1-0"]
[Round "3"]
[TimeControl "180+1"]
[Date "2023.08.08"]
[WhiteClock "0:00:15"]
[BlackClock "0:00:17"]
[Board "91"]

1. d4 Nf6 2. Nc3 d5 3. Bg5 Nbd7 4. Nf3 c5 5. e3 h6 6. Bh4 Qa5 7. Bd3 e6 8. O-O c4 9. Be2 b5 10. a3 Bd6 11. e4 dxe4 12. Nd2 Bb7 13. a4 a6 14. axb5 Qc7 15. Bg3 Bxg3 16. fxg3 Nb6 17. bxa6 Bxa6 18. Ndxe4 Nxe4 19. Nxe4 O-O 20. Nc5 Bb5 21. Rxa8 Rxa8 22. c3 Bc6 23. Bh5 g6 24. Bf3 Bd5 25. Qd2 Kg7 26. Bxd5 Nxd5 27. Qe2 Rb8 28. Rf2 Nb6 29. g4 Qd6 30. h4 Qd5 31. Qe3 Nd7 32. Qf4 Rf8 33. Ne4 f5 34. gxf5 Rxf5 35. Qe3 Nf6 36. Nxf6 Kxf6 37. Qxh6 Rxf2 38. Kxf2 Qf5+ 39. Kg3 Qd3+ 40. Kh2 Qc2 41. Qg5+ Kf7 42. Qf4+ Kg7 43. Qe5+ Kf7 44. Qc7+ Kf6 45. Qxc4 Qxb2 46. Qf1+ Kg7 47. Qf3 Qd2 48. Qg3 Kh6 49. Qg5+ Qxg5 50. hxg5+ Kxg5 51. Kg3 Kf5 52. Kf3 g5 53. g4+ Kf6 54. Ke4 Ke7 55. Ke5 Kd7 56. c4 Ke7 57. c5 Kd7 58. Kf6 Kc6 59. Kxe6 Kc7 60. d5 Kd8 61. d6 1-0


[Site "https://www.chess.com"]

[Event "Titled Tuesday Blitz August 08 Late 2023"]
[White "Karas, Marek"]
[Black "Hilary46"]
[WhiteFideId "14928558"]
[WhiteElo "2430"]
[BlackElo "2613"]
[Result "0-1"]
[Round "3"]
[TimeControl "180+1"]
[Date "2023.08.08"]
[WhiteClock "0:00:00"]
[BlackClock "0:00:20"]
[Board "92"]

1. e4 e5 2. Nf3 Nc6 3. Nc3 Nf6 4. d4 exd4 5. Nxd4 Bb4 6. Nxc6 bxc6 7. Bd3 O-O 8. O-O d5 9. exd5 cxd5 10. Bh6 gxh6 11. Ne2 Bd6 12. Nd4 c5 13. Nf5 Bxf5 14. Bxf5 Re8 15. Qf3 Rb8 16. b3 Qe7 17. Rad1 Qe5 18. g3 d4 19. Rfe1 Qd5 20. Qd3 Kg7 21. Bh3 Rxe1+ 22. Rxe1 Re8 23. Rxe8 Nxe8 24. Bg2 Qe5 25. Bf3 Nf6 26. Qa6 Qe7 27. Kg2 Ne4 28. Qd3 Ng5 29. Ba8 Qf6 30. h4 Ne6 31. Qe4 Qe5 32. Qg4+ Kf8 33. Qf3 a5 34. Bd5 Ke7 35. Be4 Qg7 36. Bf5 Qf6 37. Qb7+ Kf8 38. Bxh7 Kg7 39. Bd3 Qe5 40. Qf3 Nc7 41. Qg4+ Kf8 42. Qc8+ Ke7 43. Qg4 Nd5 44. Bc4 Nc3 45. Qc8 Qe4+ 46. Kg1 Qf3 47. Qg8 Ne4 0-1


[Site "https://www.chess.com"]

[Event "Titled Tuesday Blitz August 08 Late 2023"]
[White "Golubev, Mikhail"]
[Black "Sliwicki, Damian"]
[WhiteFideId "14100983"]
[BlackFideId "1127128"]
[WhiteElo "2613"]
[BlackElo "2429"]
[Result "1/2-1/2"]
[Round "3"]
[TimeControl "180+1"]
[Date "2023.08.08"]
[WhiteClock "0:00:05"]
[BlackClock "0:00:13"]
[Board "93"]

1. e4 c5 2. Ne2 g6 3. d4 cxd4 4. Nxd4 Nc6 5. Nc3 Bg7 6. Be3 Nf6 7. Bc4 O-O 8. Bb3 Ng4 9. Qxg4 Nxd4 10. Qd1 Nc6 11. Qd2 Qa5 12. h4 h5 13. O-O-O d6 14. Nd5 Qxd2+ 15. Rxd2 b5 16. Bg5 a5 17. Nxe7+ Nxe7 18. Bxe7 Re8 19. Bxd6 Bh6 20. f4 Bb7 21. Re1 Rxe4 22. Rxe4 Bxe4 23. g3 Rc8 24. Bd5 Bf5 25. Be5 Bf8 26. c3 b4 27. c4 Bc5 28. Bd4 Bd6 29. Kd1 Re8 30. Bf3 Rc8 31. b3 g5 32. hxg5 h4 33. Bf2 hxg3 34. Bxg3 Bc5 35. Bf2 Bf8 36. Bd4 Bb1 37. Rh2 Bg7 38. Bxg7 Kxg7 39. Rb2 Rd8+ 40. Kc1 Bf5 41. Bd5 Re8 42. Rd2 Re1+ 43. Rd1 Re2 44. Rd2 Re1+ 45. Rd1 Re2 46. Rd2 Re1+ 1/2-1/2


[Site "https://www.chess.com"]

[Event "Titled Tuesday Blitz August 08 Late 2023"]
[White "maksimys18"]
[Black "Zarubitski, Viachaslau"]
[BlackFideId "13509373"]
[WhiteElo "2427"]
[BlackElo "2608"]
[Result "0-1"]
[Round "3"]
[TimeControl "180+1"]
[Date "2023.08.08"]
[WhiteClock "0:00:33"]
[BlackClock "0:00:48"]
[Board "94"]

1. d4 d5 2. Nf3 Nf6 3. c4 c6 4. Nc3 dxc4 5. Bg5 b5 6. e3 h6 7. Bh4 e6 8. Be2 Be7 9. O-O Bb7 10. Ne5 Nbd7 11. f4 Nd5 12. Bxe7 Qxe7 13. Nxd5 cxd5 14. Bh5 O-O 15. Qf3 Nf6 16. Rae1 Nxh5 17. Qxh5 f6 18. Ng6 Qf7 19. g4 Rfe8 20. g5 Kh7 21. f5 exf5 22. Nf4 Qxh5 23. Nxh5 hxg5 24. Kf2 Kg6 25. Ng3 b4 26. Rg1 Rac8 27. h4 g4 28. Ne2 Kf7 29. Ng3 g6 30. h5 c3 31. b3 c2 32. hxg6+ Kxg6 33. Ne2 Rh8 34. Kg2 Kf7 35. Rc1 Rh3 36. Kf2 Rh2+ 37. Ke1 Ba6 38. Nf4 Re8 39. Nxd5 Bb7 40. Nxb4 Rxe3+ 41. Kf1 g3 42. Rxc2 Ba6+ 43. Nxa6 Rxc2 44. Nb4 Rf2# 0-1


[Site "https://www.chess.com"]

[Event "Titled Tuesday Blitz August 08 Late 2023"]
[White "Kupervaser, Erez"]
[Black "Arabidze, Meri"]
[WhiteFideId "2814587"]
[BlackFideId "13604040"]
[WhiteElo "2427"]
[BlackElo "2608"]
[Result "0-1"]
[Round "3"]
[TimeControl "180+1"]
[Date "2023.08.08"]
[WhiteClock "0:00:14"]
[BlackClock "0:00:07"]
[Board "95"]

1. e4 c5 2. Nf3 e6 3. d4 cxd4 4. Nxd4 Nc6 5. Nc3 a6 6. Be3 Qc7 7. Qf3 Nf6 8. O-O-O Ne5 9. Qg3 h5 10. f4 Neg4 11. Bg1 b5 12. e5 b4 13. Na4 Ne4 14. Qe1 Bb7 15. h3 Nh6 16. Bd3 Nc5 17. Nxc5 Bxc5 18. Nb3 Bxg1 19. Rxg1 a5 20. Bb5 Bc6 21. Nd4 Nf5 22. Bxc6 dxc6 23. Nxf5 exf5 24. Rd6 Rd8 25. Qe2 O-O 26. Rgd1 Qb6 27. b3 a4 28. Qc4 Rc8 29. e6 Qe3+ 30. Kb1 fxe6 31. Rxe6 Qc3 32. Qxc3 bxc3 33. Rd3 Rfe8 34. Rxe8+ Rxe8 35. Rxc3 a3 36. Kc1 Re2 37. Rxc6 Rxg2 38. Ra6 h4 39. Rxa3 Rg3 40. Ra4 Rxh3 41. Rd4 Rh1+ 42. Kb2 h3 43. a4 Rf1 44. Rd2 Rxf4 45. a5 Rh4 46. Rh2 g5 47. a6 Rh7 48. Rxh3 Ra7 49. Rh5 Kf7 50. Rxg5 Kf6 51. Rh5 Kg6 52. Rh3 Rxa6 53. b4 Kg5 54. Kb3 Kg4 55. Rh8 f4 56. b5 Rf6 57. Rh1 f3 58. c4 Kf4 59. Kb4 Ke5 60. Rf1 f2 61. b6 Kd6 62. Kb5 Rf5+ 63. Ka6 Kc6 64. b7 Rf8 65. Ka7 Rf7 66. Rxf2 Rxb7+ 67. Ka6 Rb6+ 68. Ka5 Rb8 69. Rf5 Rb1 70. Ka4 Ra1+ 71. Kb3 Rb1+ 72. Kc3 Ra1 73. Kd4 Rd1+ 74. Kc3 Rc1+ 75. Kb4 Rb1+ 76. Ka3 Rc1 77. Kb2 Rd1 78. Kc3 Rc1+ 79. Kd3 Rd1+ 80. Kc2 Rh1 81. Rh5 Rxh5 82. Kc3 Kc5 0-1


[Site "https://www.chess.com"]

[Event "Titled Tuesday Blitz August 08 Late 2023"]
[White "Bogaudinov, Rushan"]
[Black "Altman, Joshua"]
[WhiteFideId "4129288"]
[BlackFideId "426210"]
[WhiteElo "2420"]
[BlackElo "2605"]
[Result "1/2-1/2"]
[Round "3"]
[TimeControl "180+1"]
[Date "2023.08.08"]
[WhiteClock "0:00:09"]
[BlackClock "0:00:20"]
[Board "96"]

1. e4 Nc6 2. Nf3 d5 3. exd5 Qxd5 4. Nc3 Qd8 5. d4 e6 6. Bb5 Bd7 7. O-O Nf6 8. d5 exd5 9. Nxd5 Nxd5 10. Qxd5 Be7 11. Bf4 a6 12. Ba4 O-O 13. Rad1 Be6 14. Qe4 Qe8 15. Bxc7 Rc8 16. Bb6 Bf6 17. Rfe1 Qe7 18. c3 g6 19. Bb3 Bxb3 20. Qxe7 Nxe7 21. axb3 Kg7 22. Bd4 Bxd4 23. Rxe7 Bf6 24. Rxb7 Rb8 25. Rxb8 Rxb8 26. b4 a5 27. bxa5 Rxb2 28. Nd4 Ra2 29. g3 Rxa5 30. Rd3 Ra3 31. Ne2 g5 32. h3 Kg6 33. Kg2 h5 34. Kf3 Kf5 35. Nd4+ Bxd4 36. Rxd4 Rxc3+ 37. Kg2 Kg6 38. Rd2 f6 39. Re2 g4 40. h4 Kf5 41. Rd2 Rb3 42. Rd5+ Kg6 43. Rc5 Rf3 44. Rd5 Ra3 45. Rc5 Rb3 46. Rc8 Ra3 47. Rg8+ Kh6 48. Rh8+ Kg6 49. Rg8+ Kh6 50. Rf8 Kg6 51. Rd8 Rb3 52. Rd4 Rf3 53. Rd2 Rf5 54. Re2 Re5 55. Rc2 Kf5 56. Rb2 Ke4 57. Rb4+ Kf5 58. Rf4+ Kg6 59. Rb4 Re6 60. Rb5 f5 61. Kf1 Rf6 62. Kg2 f4 63. Rg5+ Kh6 64. gxf4 Rxf4 65. Rd5 Rf3 66. Rd6+ Kg7 67. Rd5 Kg6 68. Rd6+ Rf6 69. Rd5 Rf5 70. Rd6+ Rf6 71. Rd5 Rf3 72. Rd6+ Kg7 73. Rd5 Kg6 1/2-1/2


[Site "https://www.chess.com"]

[Event "Titled Tuesday Blitz August 08 Late 2023"]
[White "Colbow, Collin"]
[Black "Lacey, Patrick"]
[WhiteFideId "16201132"]
[BlackFideId "2032007"]
[WhiteElo "2601"]
[BlackElo "2417"]
[Result "1-0"]
[Round "3"]
[TimeControl "180+1"]
[Date "2023.08.08"]
[WhiteClock "0:01:45"]
[BlackClock "0:00:00"]
[Board "97"]

1. d4 d5 2. Bf4 Nc6 3. Nc3 e6 4. Nb5 Bd6 5. Nxd6+ cxd6 6. c3 Nf6 7. e3 O-O 8. Bg3 Ne4 9. Bd3 f5 10. Ne2 Qe7 11. f3 Nf6 12. Qd2 Bd7 13. O-O-O Rac8 14. Kb1 Na5 15. Bf2 b5 16. Rdg1 Nc4 17. Qe1 Rb8 18. g4 fxg4 19. fxg4 Rfc8 20. g5 Ne4 21. Bxe4 dxe4 22. g6 h6 23. Bh4 Qe8 24. Ng3 b4 25. cxb4 d5 26. Nh5 a5 27. Bf6 Rxb4 28. Ka1 Nxb2 29. Bxg7 Qe7 30. Be5 Rc2 31. Nf6+ Qxf6 32. Bxf6 Nd3 33. Qb1 Rxb1+ 34. Rxb1 1-0


[Site "https://www.chess.com"]

[Event "Titled Tuesday Blitz August 08 Late 2023"]
[White "Gabdushev, Ruslan"]
[Black "Richter, Nils"]
[WhiteFideId "4137833"]
[BlackFideId "12990809"]
[WhiteElo "2413"]
[BlackElo "2598"]
[Result "0-1"]
[Round "3"]
[TimeControl "180+1"]
[Date "2023.08.08"]
[WhiteClock "0:00:00"]
[BlackClock "0:01:35"]
[Board "98"]

1. g3 h5 2. h3 d5 3. Bg2 Nf6 4. c3 e5 5. d3 Bd6 6. Bg5 Be7 7. Qb3 c6 8. Nd2 Na6 9. Qc2 Be6 10. b4 Nc7 11. a3 a5 12. Nb3 axb4 13. axb4 Rxa1+ 14. Nxa1 Qa8 15. Qb2 Nb5 16. Nf3 d4 17. cxd4 Bxb4+ 18. Bd2 Bxd2+ 19. Nxd2 Nxd4 20. e3 Qxa1+ 21. Qxa1 Nc2+ 22. Ke2 Nxa1 23. Rxa1 Kd7 24. Ra7 Kc7 25. Nf3 Nd7 26. Ng5 Nc5 27. Ra5 Kb6 28. Nxe6 Nxe6 29. Rxe5 g6 30. f4 Ra8 31. Be4 Ra2+ 32. Kf3 Kc7 33. Bxg6 fxg6 34. Rxe6 b5 35. Re7+ Kc8 36. Re6 Kd7 37. Rxg6 b4 38. g4 b3 39. Rg7+ Kc8 40. Rg8+ Kc7 41. Rg7+ Kb6 42. Rg8 Ra7 43. gxh5 b2 44. Rg1 Ra1 45. h6 Rxg1 46. h7 b1=Q 47. h8=Q Qf1+ 48. Ke4 Qg2+ 49. Kf5 Qd5+ 50. Kf6 Qd6+ 51. Kf5 Qxd3+ 52. e4 Qd7+ 53. Ke5 Qe7+ 54. Kf5 Qf7+ 0-1


[Site "https://www.chess.com"]

[Event "Titled Tuesday Blitz August 08 Late 2023"]
[White "Vaibhav Jayant Raut"]
[Black "Sari, Yasin"]
[WhiteFideId "5089034"]
[BlackFideId "6320902"]
[WhiteElo "2596"]
[BlackElo "2387"]
[Result "1-0"]
[Round "3"]
[TimeControl "180+1"]
[Date "2023.08.08"]
[WhiteClock "0:00:39"]
[BlackClock "0:00:00"]
[Board "99"]

1. c4 Nf6 2. g3 g6 3. Nc3 Bg7 4. Bg2 O-O 5. d3 c6 6. e4 e5 7. Nge2 d6 8. O-O a6 9. b3 b5 10. Bb2 Nbd7 11. Kh1 Rb8 12. Rb1 Nh5 13. f4 exf4 14. Nxf4 Nxf4 15. Rxf4 Nc5 16. Rf1 f5 17. d4 Nxe4 18. Nxe4 fxe4 19. Bxe4 bxc4 20. bxc4 c5 21. Bd5+ Kh8 22. Qd2 Bh3 23. Bg2 Bxg2+ 24. Kxg2 Rxf1 25. Rxf1 Qb6 26. Rf2 cxd4 27. Kg1 Rc8 28. Qd3 Qc6 29. Bxd4 Qc7 30. Qc3 Bxd4 31. Qxd4+ Qg7 32. Qxd6 Qa1+ 33. Kg2 Qg7 34. c5 h5 35. c6 1-0


[Site "https://www.chess.com"]